 Dungeon Crawl Stone Soup version 0.21.1-1-g345015f (webtiles) character file.

314 unrecovered the Sneak (level 6, -5/36 HPs)
             Began as an Octopode Summoner on July 7, 2018.
             Shot with an arrow by a centaur (7 damage)
             ... on level 4 of the Dungeon.
             The game lasted 00:12:11 (3755 turns).

unrecovered the Sneak (Octopode Summoner)           Turns: 3755, Time: 00:12:12

Health: -5/36      AC:  1    Str:  7    XL:     6   Next: 43%
Magic:  11/20      EV: 14    Int: 19    God:
Gold:   149        SH:  0    Dex: 13    Spells: 5/11 levels left

rFire    . . .     SeeInvis .   p - +0 spear
rCold    . . .     Gourm    .   (no shield)
rNeg     . . .     Faith    .   (helmet restricted)
rPois    +         Spirit   .   (no amulet)
rElec    .         Reflect  .   c - ring of magical power
rCorr    .         Harm     .   f - ring of poison resistance
MR       .....                  o - ring of stealth
Stlth    +++++.....             (no ring)
HPRegen  0.12/turn              (no ring)
MPRegen  0.17/turn              (no ring)
                                (no ring)
                                (no ring)

@: no status effects
A: almost no armour, stealthy swim, amphibious, 8 rings, constrict 8, camouflage
1, gelatinous body 1
a: no special abilities


You were on level 4 of the Dungeon.
You were hungry.

You visited 1 branch of the dungeon, and saw 5 of its levels.

You collected 149 gold pieces.

Inventory:

Hand Weapons
 l - a +0 short sword
 p - a +0 spear (weapon)
Jewellery
 c - a ring of magical power (left tentacle)
 f - a ring of poison resistance (right tentacle)
 o - a ring of stealth (on tentacle)
Scrolls
 e - 2 scrolls of remove curse
 k - 2 scrolls of amnesia
Potions
 d - 4 potions of mutation
 g - 2 potions of curing
 h - a potion of degeneration {unknown}
 i - a potion of haste {unknown}
 j - a potion of agility {unknown}
 m - a potion of flight {unknown}
 n - 3 potions of might {unknown}
Books
 a - a book of Callings

   Spells                             Type                      Level
   a - Summon Small Mammal            Summoning                    1
   b - Call Imp                       Summoning                    2
   c - Call Canine Familiar           Summoning                    3
   d - Summon Guardian Golem          Hexes/Summoning              3
   e - Summon Lightning Spire         Summoning/Air                4
   f - Summon Ice Beast               Ice/Summoning                4
Comestibles
 b - 7 rations
 r - 2 chunks of flesh


   Skills:
 + Level 3.7 Dodging
 + Level 5.1 Stealth
 + Level 3.4 Spellcasting
 + Level 5.0 Summonings


You had 5 spell levels left.
You knew the following spells:

 Your Spells              Type           Power        Failure   Level  Hunger
a - Summon Small Mammal   Summ           ###.         1%          1    None
b - Call Imp              Summ           ###.....     2%          2    ##.....
c - Call Canine Familiar  Summ           ###.....     5%          3    ###....


Dungeon Overview and Level Annotations

Branches:
Dungeon (5/15)
 Temple: D:4-7

Altars:
Okawaru
The Shining One


Innate Abilities, Weirdness & Mutations

You cannot wear most types of armour.
You are very stealthy in the water. (Stealth+)
You are amphibious.
You can wear up to eight rings at the same time.
You can use your tentacles to constrict eight enemies at once.
Your skin changes colour to match your surroundings (Stealth+).
Your rubbery body absorbs attacks. (AC +1, EV +1)


Message History

You swap places.
The centaur shoots an arrow.
The arrow hits you!
* * * LOW HITPOINT WARNING * * *
The centaur shoots an arrow.
The arrow misses you.
You swap places.
The centaur shoots an arrow.
The arrow hits your crimson imp!
Your crimson imp completely misses the centaur.
You see here an arrow.
Attack whom?
Press: ? - help, Dir - move target cursor, f/p - centaur
Aim: a centaur, wielding a shortbow (heavily wounded)
You could not reach far enough!
The centaur unwields an uncursed shortbow.
The centaur hits your crimson imp.
Your crimson imp hits the centaur but does no damage.
The centaur wields an uncursed shortbow.
The centaur shoots an arrow.
The arrow hits your crimson imp.
Your crimson imp dies!
Your crimson imp blinks!
Your crimson imp blinks!
The centaur shoots an arrow.
The arrow hits you!
You die...

#...........#....##.....##......
#...........#...........+.......
#...........##...##.....##....##
#.....##....##...##.....##....##
#.....########....'.....'.....+.
#.....#.(.........#.....#.....#.
#.....#..(..c.....#.....#.....#.
#.....#((.(.##...##..##.##....##
#.....#....(###@###..##'########
#.....#.....(........#..........
#.....#......(.......+..........
#.....#..............#..........
#.....##..5.##....##.##.##....##
#.....##....##....##.##.##....##
#............#..................
#............#..................
#............#..................


You could see a centaur and a friendly crimson imp.

Vanquished Creatures
  A scorpion (D:4)
  2 hounds
  Jessica (D:2)
  An ooze (D:4)
  An adder skeleton (D:4)
  A dart slug (D:1)
  3 orcs (D:3)
  3 bats
  A goblin (D:2)
  2 hobgoblins
  4 frilled lizards
  3 kobolds
  2 rats
25 creatures vanquished.

Vanquished Creatures (collateral kills)
  A phantom (D:4)
  An orc priest (D:3)
  2 orc wizards (D:4)
  A worker ant (D:4)
  A howler monkey skeleton (D:4)
  3 adders
  A worm (D:2)
  6 orcs
  A giant cockroach (D:1)
  7 goblins
  10 hobgoblins
  6 jackals
  2 quokkas (D:3)
  2 bats
  A frilled lizard (D:3)
  3 kobolds
48 creatures vanquished.

Grand Total: 73 creatures vanquished

Notes
Turn   | Place    | Note
-------+----------+-------------------------------------------
     0 | D:1      | unrecovered the Octopode Summoner began the quest for the Orb.
     0 | D:1      | Reached XP level 1. HP: 11/11 MP: 3/3
   343 | D:1      | Reached XP level 2. HP: 15/17 MP: 0/5
   347 | D:1      | Learned a level 2 spell: Call Imp
   909 | D:2      | Reached XP level 3. HP: 21/21 MP: 1/6
  1030 | D:2      | Noticed Jessica
  1033 | D:2      | Killed Jessica
  1033 | D:2      | Reached XP level 4. HP: 25/27 MP: 7/7
  1169 | D:2      | Found an iron altar of Okawaru.
  1956 | D:3      | Learned a level 3 spell: Call Canine Familiar
  2137 | D:3      | Reached XP level 5. HP: 26/31 MP: 9/9
  2637 | D:4      | Found a glowing golden altar of the Shining One.
  2776 | D:4      | Noticed a phantom
  2822 | D:4      | Killed a phantom
  2822 | D:4      | Reached XP level 6. HP: 32/36 MP: 10/10
  2966 | D:4      | Reached skill level 5 in Summonings
  2970 | D:4      | Reached skill level 5 in Stealth
  3600 | D:5      | Entered Level 5 of the Dungeon
  3748 | D:4      | HP: 1/36 [centaur/arrow (11)]
  3755 | D:4      | Shot with an arrow by a centaur

Skill      XL: |  1  2  3  4  5  6 |
---------------+-------------------+-----
Stealth        | 3 4 5 |  5.1
Dodging        | 3 |  3.7
Spellcasting   | 3 |  3.4
Summonings     | 5 |  5.0

Action                   |  1- 3 |  4- 6 || total
-------------------------+-------+-------++-------
Melee: Unarmed           |    32 |       ||    32
       Constrict         |    12 |    11 ||    23
       Tentacles         |     8 |     9 ||    17
       Dagger            |     8 |    15 ||    23
       Short sword       |       |    29 ||    29
       Spear             |       |    16 ||    16
 Cast: Summon Small Mamm |    10 |     8 ||    18
       Call Imp          |     5 |    32 ||    37
       Call Canine Famil |       |    14 ||    14
  Use: Scroll            |       |     7 ||     7
 Stab: Sleeping          |     2 |    11 ||    13
  Eat: Chunk             |       |     8 ||     8
       Ration            |       |     1 ||     1
Armor: Skin              |    12 |     5 ||    17
Dodge: Dodged            |    29 |    41 ||    70
